Map: 环轨星港

Players

改造二流子 - Winner!

  • Race: Terran Terran
  • League: Diamond

Quail

  • Race: Protoss Protoss
  • League: Diamond

VOD

Have the link to the VOD?

Description

Time

  • Played on: Dec. 7, 2015, 8:54 a.m.
  • Length: 10:30
Show
View Real Time Build Order
Export as new Build Order

改造二流子 Terran - Winner!

Build Orders: Command Center First (CC), MMM Bio 

Get SALT Encoding   

  12  0:01  SCV  
  13  0:13  SCV  
  14  0:17  Supply Depot  
  14  0:25  SCV  
  15  0:39  SCV  
  16  0:56  Command Center  
  16  1:06  Barracks  
  16  1:10  SCV  
  17  1:23  Barracks  
  17  1:24  SCV  
  18  1:37  Barracks  
  18  1:40  SCV  
  19  1:53  Marine, Orbital Command  
  20  2:09  Orbital Command  
  20  2:11  Marine  
  20  2:12  Marine  
  22  2:17  Bunker  
  22  2:21  SCV  
  23  2:25  Marine  
  24  2:32  Marine x2  
  24  2:36  SCV x2  
  28  2:42  Refinery  
  28  2:44  Marine  
  28  2:45  Refinery  
  28  2:49  Supply Depot  
  29  2:53  Marine x2  
  29  2:56  SCV x2  
  33  3:09  SCV  
  33  3:12  SCV, Engineering Bay  
  35  3:13  Marine x3  
  38  3:31  Marine  
  38  3:32  Marine x2  
  41  3:44  Missile Turret  
  41  3:45  SCV x2  
  43  3:50  Missile Turret  
  43  3:56  Missile Turret  
  43  3:57  Missile Turret  
  43  3:58  Barracks Reactor, Barracks Tech Lab  
  43  4:02  Barracks Tech Lab  
  43  4:03  SCV x2  
  43  4:06  Supply Depot  
  45  4:15  Missile Turret  
  45  4:16  SCV  
  46  4:19  Supply Depot  
  46  4:24  Stimpack  
  46  4:26  Combat Shields  
  46  4:27  SCV  
  47  4:35  SCV  
  50  4:39  SCV  
  50  4:45  Factory, Marauder  
  51  4:46  Marauder  
  51  4:50  SCV  
  51  4:52  SCV  
  55  5:01  Refinery  
  55  5:02  Refinery  
  55  5:03  Supply Depot  
  57  5:07  Marauder x2  
  57  5:11  SCV x2  
  61  5:23  SCV  
  61  5:25  Terran Infantry Weapons Level 1, SCV, Supply Depot  
  63  5:30  Factory Reactor  
  63  5:31  Starport  
  63  5:33  Marauder  
  65  5:35  Marine  
  65  5:36  Marine  
  65  5:37  Marauder  
  69  5:46  SCV  
  69  5:47  SCV  
  71  5:58  SCV  
  71  5:59  SCV  
  71  6:00  Barracks  
  73  6:04  Command Center  
  73  6:11  Marine x2  
  73  6:12  Marauder  
  77  6:19  Supply Depot  
  77  6:32  Factory Reactor  
  77  6:38  Concussive Shells  
  77  6:40  Medivac x2  
  77  6:41  Marauder  
  77  6:42  Supply Depot  
  77  6:45  Supply Depot  
  83  6:50  Barracks Tech Lab  
  83  7:00  Engineering Bay  
  83  7:03  Armory  
  83  7:06  Marauder x2, Marine x2  
  89  7:10  Medivac x2  
  89  7:14  Supply Depot  
  89  7:15  Marine  
  94  7:16  Widow Mine  
  96  7:23  Marine  
  96  7:28  Marauder x2  
  101  7:34  Liberator x2  
  101  7:49  Missile Turret  
  101  7:52  Supply Depot  
  107  8:01  Orbital Command  
  107  8:04  SCV x2  
  106  8:24  Terran Vehicle And Ship Armor Level 1  
  106  8:25  Marine x3  
  106  8:26  Marauder x2  
  111  8:27  Widow Mine x2  
  111  8:30  Liberator  
  111  8:31  Liberator  
  113  8:35  SCV x2  
  115  8:43  SCV, Marine  
  115  8:44  Marauder  
  115  8:46  Refinery, Marine  
  115  8:47  SCV x2, Marauder x2  
  132  8:55  Supply Depot  
  132  8:58  Supply Depot  
  132  9:01  Marine  
  133  9:05  Missile Turret  
  133  9:08  Missile Turret  
  133  9:16  Marine, Widow Mine x2  
  140  9:17  Marauder  
  140  9:18  Marine  
  140  9:19  Marauder  
  140  9:20  Marauder  
  130  9:38  Marauder  
  130  9:39  Marine x2  
  130  9:40  Marauder  
  130  9:41  Marauder  
  108  9:56  Marine  
  101  10:00  Marauder  
  101  10:01  Marauder  
  101  10:02  Marauder  
  104  10:09  Marine  
Show
View Real Time Build Order
Export as new Build Order

Quail Protoss 

Build Orders: Nexus First 

Get SALT Encoding   

  12  0:01  Probe (Chrono Boost)  
  13  0:11  Probe (Chrono Boost)  
  14  0:17  Pylon  
  14  0:22  Probe (Chrono Boost)  
  16  0:35  Probe (Chrono Boost)  
  16  0:46  Probe (Chrono Boost)  
  17  0:58  Nexus  
  17  1:08  Gateway  
  17  1:17  Probe (Chrono Boost)  
  18  1:19  Assimilator  
  18  1:23  Assimilator  
  18  1:27  Probe (Chrono Boost)  
  19  1:38  Probe (Chrono Boost)  
  19  1:39  Pylon  
  20  1:48  Probe (Chrono Boost)  
  21  1:59  Cybernetics Core, Probe (Chrono Boost)  
  22  2:10  Probe x2 (Chrono Boost)  
  24  2:20  Probe x2 (Chrono Boost)  
  26  2:27  Gateway  
  26  2:31  Probe x2 (Chrono Boost)  
  26  2:36  Adept (Chrono Boost)  
  30  2:39  Warp Gate  
  30  2:41  Probe (Chrono Boost)  
  30  2:42  Probe (Chrono Boost)  
  32  2:52  Mothership Core  
  32  2:53  Probe  
  35  3:02  Adept (Chrono Boost)  
  35  3:03  Pylon  
  35  3:04  Probe  
  38  3:13  Robotics Facility  
  38  3:18  Probe  
  38  3:19  Probe, Adept (Chrono Boost)  
  42  3:29  Probe  
  42  3:31  Probe, Adept (Chrono Boost)  
  46  3:39  Probe  
  47  3:44  Probe  
  47  3:45  Gateway  
  47  3:47  Pylon  
  48  3:50  Probe  
  49  3:56  Probe  
  49  4:00  Probe, Observer (Chrono Boost)  
  52  4:05  Pylon  
  52  4:07  Pylon  
  52  4:08  Probe  
  53  4:10  Assimilator  
  53  4:15  Probe, Assimilator  
  54  4:19  Warp Prism (Chrono Boost)  
  54  4:20  Probe  
  57  4:25  Probe  
  58  4:32  Probe  
  59  4:39  Twilight Council  
  59  4:41  Probe, Pylon  
  59  4:44  Probe  
  61  4:50  Forge  
  61  4:54  Adept x3  
  67  5:01  Observer (Chrono Boost)  
  68  5:12  Pylon  
  68  5:16  Gateway  
  68  5:17  Gateway  
  68  5:19  Gateway  
  68  5:21  Gateway  
  68  5:23  Immortal (Chrono Boost)  
  68  5:26  Photon Cannon  
  68  5:28  Resonating Glaives  
  72  5:30  Photon Cannon  
  72  5:31  Protoss Ground Weapons Level 1 (Chrono Boost)  
  72  6:04  Pylon  
  72  6:05  Nexus  
  72  6:10  Templar Archives, Immortal (Chrono Boost)  
  76  6:14  Pylon  
  76  6:22  Photon Cannon  
  76  6:25  Photon Cannon  
  76  6:32  Stalker x3  
  82  6:37  Pylon  
  82  6:42  Pylon  
  82  6:44  Psionic Storm  
  82  6:51  High Templar x3  
  82  6:54  Adept  
  90  6:56  Immortal (Chrono Boost)  
  94  7:02  Pylon  
  94  7:07  Photon Cannon  
  94  7:08  Pylon  
  94  7:09  Photon Cannon  
  94  7:12  Protoss Ground Armor Level 1 (Chrono Boost)  
  94  7:19  Adept x2  
  94  7:21  Adept  
  100  7:29  Adept x2  
  102  7:32  Pylon  
  102  7:38  Adept  
  102  7:39  Adept  
  106  7:54  Dark Shrine  
  106  7:57  Warp Prism  
  105  8:17  Nexus  
  105  8:20  Adept x4, Pylon  
  105  8:21  Pylon  
  105  8:24  High Templar x2  
  115  8:28  Archon  
  109  8:42  Adept x5  
  119  8:56  Immortal  
  123  9:05  High Templar x2  
  123  9:06  Adept x3  
  123  9:08  Archon  
  126  9:24  Stalker x2  
  114  9:45  Stalker  
  100  9:46  Stalker x3  
  100  9:47  Stalker  
  68  10:01  High Templar  
  68  10:04  Adept  
  68  10:12  Adept x5  
Tags
 
Add a new tag
Caveats
  • Supply blocks, unpowered buildings, or Contaminate may cause inaccurate times.
  • Supply counts are checked every 10 seconds.